 Dungeon Crawl Stone Soup version 0.19-a0-1058-g5566a1a (webtiles) character file.

42 HenryFlower the Skirmisher (level 3, -9/31 HPs)
             Began as a Minotaur Skald on Aug 2, 2016.
             Mangled by a gnoll
             ... wielding a +0 halberd
              (15 damage)
             ... on level 2 of the Dungeon.
             The game lasted 00:01:52 (1217 turns).

HenryFlower the Skirmisher (Minotaur Skald)         Turns: 1217, Time: 00:01:53

Health: -9/31      AC:  4    Str: 16    XL:     3   Next: 35%
Magic:  2/4        EV: 11    Int: 10    God:
Gold:   23         SH:  0    Dex:  9    Spells: 1 memorised, 3 levels left

rFire  . . .     SeeInvis .     a - +0 spear
rCold  . . .     Gourm    .     b - +0 leather armour
rNeg   . . .     Faith    .     (no shield)
rPois  .         Spirit   .     (helmet restricted)
rElec  .         Dismiss  .     (no cloak)
rCorr  .         Reflect  .     (no gloves)
SustAt .         Harm     .     l - +0 pair of boots
MR     .....                    f - amulet of regeneration
Stlth  +.........               (no ring)
                                e - ring of wizardry

@: infused, not resistant to hostile enchantments, very unstealthy
A: retaliatory headbutt, horns 2
a: no special abilities


You were on level 2 of the Dungeon.
You were not hungry.

You visited 1 branch of the dungeon, and saw 2 of its levels.

You collected 23 gold pieces.

Inventory:

Hand Weapons
 a - a +0 spear (weapon)
Armour
 b - a +0 leather armour (worn)
 l - a +0 pair of boots (worn)
Jewellery
 e - a ring of wizardry (left hand)
 f - an amulet of regeneration (around neck)
Scrolls
 i - a scroll of enchant armour {unknown}
 j - a scroll of fog {unknown}
 k - a scroll of remove curse {unknown}
 n - a scroll of blinking {unknown}
Potions
 h - a potion of haste {unknown}
 m - a potion of lignification {unknown}
Books
 c - a book of Battle

   Spells                             Type                      Level
   a - Infusion                       Charms                       1
   b - Shroud of Golubria             Charms/Translocation         2
   c - Song of Slaying                Charms                       2
   d - Spectral Weapon                Hexes/Charms                 3
   e - Regeneration                   Charms/Necromancy            3
Comestibles
 d - a bread ration
 g - 3 chunks of flesh


   Skills:
 + Level 3.5 Fighting
 - Level 2.4 Polearms
 - Level 1.2 Armour
 - Level 1.1 Dodging
 - Level 1.3 Spellcasting
 + Level 2.6 Charms


You had 3 spell levels left.
You knew the following spells:

 Your Spells              Type           Power        Failure   Level  Hunger
a - Infusion              Chrm           #...         7%          1    ##.....


Dungeon Overview and Level Annotations

Branches:
Dungeon (2/15)

Altars:


Innate Abilities, Weirdness & Mutations

You reflexively headbutt those who attack you in melee.
You have a pair of horns on your head.


Message History

You kill the gnoll!
You see here a club.
You see here a club.
There is a stone staircase leading down here.
You start resting.
HP restored.
You climb downwards.
The gnoll hits you with a halberd!
There is a stone staircase leading up, spattered with blood here.
Unknown command.
Casting: Infusion
Confirm with . or Enter, or press ? or * to list all spells.
You begin infusing your attacks with magical energy.
The gnoll hits you with a halberd!
* * * LOW HITPOINT WARNING * * *
You barely miss the gnoll. The gnoll hits you with a halberd!
* * * LOW HITPOINT WARNING * * *
You hit the gnoll.
The gnoll is moderately wounded.
The gnoll hits you with a halberd!
You die...

..# #.# #.# #(#
#.# ###
###.#####.#
##....g....#
#..#.#####g#
#g...†.#.#..@#.#
....####...#..g..#
## #.######### #.#
#.# #.# #.#


You could see a gnoll.

Vanquished Creatures
  2 gnolls
  2 giant geckos (D:1)
  6 bats
  A goblin (D:1)
  4 hobgoblins (D:1)
  2 giant newts (D:1)
  3 kobolds (D:1)
  2 rats (D:1)
22 creatures vanquished.

Notes
Turn   | Place    | Note
-------+----------+-------------------------------------------
     0 | D:1      | HenryFlower the Minotaur Skald began the quest for the Orb.
     0 | D:1      | Reached XP level 1. HP: 18/18 MP: 1/1
   447 | D:1      | Reached XP level 2. HP: 25/25 MP: 3/3
   596 | D:1      | Reached skill level 3 in Fighting
  1189 | D:2      | Reached XP level 3. HP: 29/31 MP: 4/4
  1217 | D:2      | Mangled by a gnoll

Vault maps used:
D:1:      dpeg_arrival_water_temple_mockup, minivault_19
D:2:      kennysheep_six_static_rooms, uniq_iyjb

Skill      XL: |  1  2 |
---------------+-------+-----
Fighting       | 3 |  3.5
Polearms       | |  2.4
Armour         | |  1.2
Dodging        | |  1.1
Spellcasting   | |  1.3
Charms         | |  2.6

Action                   || total
-------------------------++-------
Melee: Spear             ||    51
       Headbutt          ||     5
 Cast: Infusion          ||     4
  Eat: Chunk             ||     1
Armor: Leather armour    ||     9
Dodge: Dodged            ||    22
